Map: Zen ER

Players

Legol

  • Race: Protoss Protoss
  • League: Platinum
  • Spawn Location: 1:00

dbk - Winner!

  • Race: Zerg Zerg
  • League: Diamond
  • Spawn Location: 7:00

VOD

Have the link to the VOD?

Description

Time

  • Played on: Jan. 8, 2020, 3:08 p.m.
  • Length: 12:48
Show
View Real Time Build Order
Export as new Build Order

Legol Protoss 

Build Orders: Double Forge, Colossus Rush 

Get SALT Encoding   

  12  0:01  Probe  
  13  0:18  Probe  
  13  0:20  Pylon  
  14  0:30  Probe  
  15  0:42  Probe (Chrono Boost), Gateway  
  16  0:53  Probe (Chrono Boost)  
  17  1:00  Probe  
  17  1:01  Pylon  
  18  1:05  Assimilator  
  18  1:12  Probe  
  19  1:25  Probe  
  20  1:31  Cybernetics Core  
  20  1:37  Probe (Chrono Boost)  
  21  1:40  Assimilator  
  22  1:48  Probe (Chrono Boost)  
  22  1:52  Probe (Chrono Boost)  
  23  2:03  Probe  
  24  2:14  Adept  
  24  2:15  Nexus, Probe  
  27  2:27  Probe  
  27  2:28  Warp Gate  
  28  2:44  Gateway  
  28  2:50  Adept  
  29  2:55  Probe (Chrono Boost)  
  30  3:03  Pylon  
  30  3:06  Pylon  
  30  3:07  Probe (Chrono Boost)  
  31  3:30  Adept  
  31  3:32  Adept  
  35  3:34  Probe (Chrono Boost)  
  35  3:35  Probe (Chrono Boost)  
  37  3:43  Stargate  
  37  3:46  Probe (Chrono Boost)  
  39  3:52  Probe (Chrono Boost)  
  39  3:55  Probe (Chrono Boost), Robotics Facility  
  40  3:59  Probe (Chrono Boost)  
  40  4:00  Probe  
  42  4:12  Probe  
  42  4:13  Probe  
  44  4:19  Gateway  
  44  4:21  Gateway  
  44  4:24  Probe  
  44  4:26  Probe  
  46  4:36  Probe  
  46  4:38  Probe  
  46  4:55  Robotics Bay  
  46  4:56  Forge  
  46  4:57  Probe x2  
  46  4:59  Forge  
  46  5:01  Assimilator  
  46  5:03  Pylon  
  46  5:04  Stalker  
  46  5:05  Stalker, Assimilator  
  46  5:07  Pylon  
  50  5:09  Probe (Chrono Boost)  
  50  5:11  Probe (Chrono Boost)  
  52  5:19  Immortal  
  58  5:21  Probe (Chrono Boost)  
  58  5:23  Stalker  
  58  5:24  Stalker  
  58  5:26  Probe (Chrono Boost)  
  62  5:33  Protoss Ground Weapons Level 1 (Chrono Boost), Protoss Ground Armor Level 1 (Chrono Boost)  
  62  5:35  Gateway  
  62  5:41  Twilight Council  
  62  5:50  Zealot  
  64  5:58  Colossus (Chrono Boost)  
  70  6:07  Extended Thermal Lance (Chrono Boost)  
  70  6:15  Robotics Facility  
  70  6:18  Stalker x4, Pylon  
  78  6:39  Pylon  
  78  6:41  Pylon  
  78  6:43  Pylon  
  78  6:51  Charge (Chrono Boost), Colossus (Chrono Boost)  
  78  6:52  Photon Cannon  
  84  6:56  Photon Cannon  
  84  7:02  Zealot x3  
  84  7:05  Warp Prism (Chrono Boost)  
  92  7:23  Nexus  
  92  7:31  Pylon  
  92  7:33  Sentry x4  
  100  7:41  Observer (Chrono Boost)  
  100  7:43  Observer (Chrono Boost)  
  102  7:56  Zealot  
  102  7:57  Zealot x4  
  112  7:58  Pylon  
  112  8:05  Colossus  
  116  8:14  Probe x2  
  118  8:21  Stalker, Pylon  
  118  8:26  Probe  
  118  8:27  Probe  
  121  8:39  Probe (Chrono Boost)  
  121  8:40  Shield Battery x2  
  124  8:43  Probe (Chrono Boost)  
  124  8:44  Probe (Chrono Boost), Assimilator x2  
  125  8:49  Probe (Chrono Boost)  
  125  8:53  Probe x2 (Chrono Boost)  
  125  8:54  Gateway  
  127  8:55  Probe, Gateway  
  127  9:00  Sentry  
  127  9:01  Sentry  
  132  9:03  Probe x2  
  132  9:08  Probe  
  135  9:24  Photon Cannon  
  135  9:26  Zealot x3  
  135  9:27  Photon Cannon  
  135  9:29  Protoss Ground Weapons Level 2 (Chrono Boost), Protoss Ground Armor Level 2 (Chrono Boost)  
  141  9:34  Pylon  
  141  9:37  Pylon  
  141  9:39  Warp Prism (Chrono Boost)  
  143  9:48  Stalker x2  
  143  9:49  Zealot  
  143  9:52  Probe x2  
  151  10:04  Stalker x4  
  159  10:32  Nexus  
  159  10:33  Pylon  
  159  10:34  Pylon  
  159  10:35  Pylon, Photon Cannon  
  159  10:38  Pylon  
  159  10:39  Pylon, Photon Cannon  
  116  10:57  Stalker  
  116  10:58  Stalker x6  
  92  11:21  Zealot x4  
  92  11:22  Zealot x3  
  104  11:42  Nexus  
  92  11:47  Templar Archives  
  92  12:03  Pylon  
  92  12:04  Zealot x2  
  92  12:05  Zealot x5  
  92  12:06  Pylon  
  118  12:22  Dark Shrine  
  108  12:30  Photon Cannon  
  108  12:37  Zealot x4  
Show
View Real Time Build Order
Export as new Build Order

dbk Zerg - Winner!

Build Orders: Hatch First, Lurkers 

Get SALT Encoding   

  12  0:00  Drone  
  13  0:12  Overlord  
  13  0:19  Drone  
  14  0:31  Drone  
  14  0:32  Drone  
  16  0:38  Drone  
  17  0:53  Hatchery  
  17  0:55  Drone  
  17  0:59  Drone  
  18  1:09  Extractor  
  17  1:14  Spawning Pool  
  17  1:17  Drone  
  17  1:20  Drone  
  18  1:30  Drone  
  19  1:38  Overlord  
  19  2:07  Queen x2  
  23  2:08  Zergling x2  
  23  2:09  Zergling x2  
  25  2:15  Drone  
  25  2:20  Metabolic Boost  
  26  2:48  Hatchery  
  25  2:53  Pneumatized Carapace  
  25  2:58  Drone x4  
  27  2:59  Drone x2  
  31  3:10  Drone  
  31  3:11  Drone  
  33  3:20  Overlord  
  32  3:40  Drone x5  
  37  3:42  Queen x2  
  41  3:57  Overlord  
  41  4:07  Queen  
  41  4:09  Drone x6  
  49  4:10  Overlord x3  
  49  4:26  Queen  
  51  4:34  Zergling x8  
  51  4:35  Zergling x2  
  54  4:48  Drone, Extractor  
  54  4:49  Drone x2  
  54  4:50  Drone x2  
  54  4:51  Drone  
  57  4:54  Drone  
  57  4:57  Extractor  
  57  4:59  Drone x3, Extractor  
  59  5:16  Overlord x2  
  59  5:20  Drone x3  
  59  5:21  Drone x4  
  64  5:22  Drone x2  
  67  5:31  Lair  
  67  5:50  Drone x2  
  67  5:51  Evolution Chamber  
  67  5:52  Evolution Chamber  
  67  5:53  Drone x5  
  67  5:54  Zergling x12  
  67  5:55  Zergling x2  
  79  6:18  Zerg Missile Weapons Level 1  
  79  6:19  Zerg Ground Armor Level 1  
  79  6:36  Drone  
  79  6:37  Drone x5, Hydralisk Den  
  79  6:39  Hatchery  
  83  6:40  Overlord x4  
  83  6:41  Overlord  
  83  6:49  Baneling Nest  
  82  7:06  Grooved Spines  
  82  7:08  Overseer  
  82  7:09  Hydralisk  
  82  7:10  Hydralisk x10  
  82  7:12  Zergling x2  
  82  7:13  Zergling x10  
  110  7:19  Extractor  
  110  7:20  Drone  
  110  7:22  Drone  
  111  7:23  Drone  
  112  7:46  Hydralisk x2  
  112  7:47  Hydralisk x7  
  130  8:17  Muscular Augments  
  130  8:26  Drone x3  
  133  8:29  Extractor  
  133  8:30  Drone x2  
  133  8:33  Overlord x4  
  133  8:34  Overlord x3  
  134  8:36  Zerg Ground Armor Level 2, Zerg Missile Weapons Level 2, Infestation Pit  
  133  8:49  Lurker Den  
  133  8:51  Queen  
  134  8:56  Zergling x30  
  134  8:57  Zergling x6  
  134  8:58  Centrifical Hooks  
  152  9:13  Overlord x4  
  152  9:24  Spire  
  152  9:27  Baneling  
  152  9:28  Baneling x16  
  152  9:29  Baneling x12  
  152  9:30  Baneling  
  151  9:37  Queen  
  153  9:54  Lurker  
  153  9:55  Lurker x3  
  153  9:57  Zergling x6  
  153  9:58  Zergling x34  
  177  10:33  Pathogen Glands  
  177  10:36  Hive  
  177  10:38  Burrow  
  131  10:57  Zergling x10, Hydralisk  
  131  10:58  Zergling x8, Hydralisk x2  
  131  10:59  Zergling x10, Hydralisk x6  
  131  11:00  Zergling x6  
  140  11:07  Hydralisk  
  140  11:08  Hydralisk x3  
  120  11:21  Baneling  
  120  11:22  Baneling x13  
  120  11:23  Baneling  
  120  11:24  Zergling x2, Baneling  
  120  11:25  Zergling x18  
  130  11:29  Extractor  
  130  11:30  Extractor  
  120  12:11  Zergling x30  
  120  12:12  Zergling x12  
  141  12:25  Hatchery  
  117  12:45  Lurker x6  
  117  12:46  Lurker  
Tags
 
Add a new tag
Caveats
  • Supply blocks, unpowered buildings, or Contaminate may cause inaccurate times.
  • Supply counts are checked every 10 seconds.